 Dungeon Crawl Stone Soup version 0.24-a0-639-gb70a11d811 (webtiles) character file.

Game seed: 6058004583366293682, levelgen mode: deterministic

350 GordonOverkill the Firebug (level 6, 0/41 HPs)
             Began as a Barachi Fire Elementalist on Sept 23, 2019.
             Succumbed to Robin's poison
             ... while paralysed
             ... on level 3 of the Dungeon.
             The game lasted 00:11:24 (5790 turns).

GordonOverkill the Firebug (BaFE)                   Turns: 5790, Time: 00:11:25

Health: 0/41       AC:  2    Str:  9    XL:     6   Next: 61%
Magic:  9/12       EV:  2    Int: 18    God:
Gold:   189        SH:  0    Dex: 12    Spells: 5/13 levels left

rFire    . . .     SeeInvis .   d - +1 whip (freeze)
rCold    . . .     Gourm    .   (no shield)
rNeg     . . .     Faith    .   a - +0 robe
rPois    .         Spirit   .   (no helmet)
rElec    .         Reflect  .   (no cloak)
rCorr    .         Harm     .   (no gloves)
MR       .....                  (no boots)
Stlth    ++........             (no amulet)
HPRegen  0.13/turn              (no ring)
MPRegen  0.13/turn              (no ring)

@: paralysed, lethally poisoned (0 -> -5), berserk cooldown, flying, very
slightly contaminated, hasted and slowed, slow
A: +LOS, swims, slowness 1, strong legs 1
a: Hop


You were on level 3 of the Dungeon.
You were not hungry.

You visited 1 branch of the dungeon, and saw 4 of its levels.

You collected 189 gold pieces.

Inventory:

Hand Weapons
 d - a +1 whip of freezing (weapon)
Missiles
 b - 22 sling bullets
 f - 157 stones (quivered)
Armour
 a - a +0 robe (worn)
Scrolls
 e - a scroll of enchant weapon
 i - a scroll of teleportation
 j - a scroll of noise {unknown}
 l - a scroll of amnesia {unknown}
 m - a scroll of remove curse {unknown}
 n - a scroll of blinking {unknown}
 o - a scroll of magic mapping {unknown}
Potions
 g - 2 potions of flight
 h - a potion of haste
Comestibles
 c - 7 rations
 p - a chunk of flesh


   Skills:
 - Level 3.0 Dodging
 - Level 2.0 Stealth
 + Level 4.1 Spellcasting
 + Level 3.9 Conjurations
 - Level 5.0 Fire Magic


You had 5 spell levels left.
You knew the following spells:

 Your Spells              Type           Power        Failure   Level  Hunger
a - Flame Tongue          Conj/Fire      ###..        2%          1    None
b - Conjure Flame         Conj/Fire      ###.....     7%          3    ###....
c - Sticky Flame          Conj/Fire      ###.....     22%         4    ####...

Your spell library contained the following spells:

 Spells                   Type           Power        Failure   Level  Hunger
 Throw Flame              Conj/Fire      ###...       3%          2    ##.....
 Inner Flame              Hex/Fire       ##......     16%         3    ###....
 Fireball                 Conj/Fire      ###.......   54%         5    ######.


Dungeon Overview and Level Annotations

Branches:
Dungeon (4/15)
 Temple: D:4-7

Altars:
Elyvilon

Annotations:
D:4 Robin


Innate Abilities, Weirdness & Mutations

Shadows flee at your approach. (+LOS)
You can swim through water.
You cover ground slowly.
You can hop short distances.


Message History

You feel yourself moving faster!
You feel mighty!
You feel sick.
You whack the hobgoblin! You freeze the hobgoblin.
You kill the hobgoblin!
The goblin completely misses you. The orc closely misses you.
You hit the goblin. You freeze the goblin.
You kill the goblin!
You feel sick. The orc hits you.
* * * LOW HITPOINT WARNING * * *
You closely miss the orc. You whack the orc! You freeze the orc.
You kill the orc!
You are too berserk!
Unknown command.
* * * LOW HITPOINT WARNING * * *
You feel sick.
You feel a strong urge to attack something.
You are no longer berserk.
You pass out from exhaustion.
You feel yourself slow down.
You die...

#.########.# #.# #.#
#.# #.# #.# #.# #.#
#.# #.# #.# #.#
####'####.# #.#
#....(..#.# #.#
#.......#.#
#.#####..)....#.#####
#...@...))>..........
##########)##########
#ยง# #.# #.##########
#...........
#######..... #...#.#.
#.#....)


There were no monsters in sight!

Vanquished Creatures
  A howler monkey (D:3)
  3 orc priests (D:4)
  A hound (D:4)
  A centaur skeleton (D:4)
  An orc wizard (D:3)
  An adder (D:2)
  4 worms
  3 dart slugs
  9 leopard geckos
  4 orcs
  4 giant cockroaches
  16 goblins
  15 hobgoblins
  8 jackals (D:2)
  3 quokkas
  A ball python (D:3)
  A ball python skeleton (D:4)
  6 bats
  5 frilled lizards
  4 kobolds
  A quokka skeleton (D:4)
  11 rats
103 creatures vanquished.

Notes
Turn   | Place    | Note
-------+----------+-------------------------------------------
     0 | D:1      | GordonOverkill the Barachi Fire Elementalist began the
                  | quest for the Orb.
     0 | D:1      | Reached XP level 1. HP: 13/13 MP: 3/3
   256 | D:1      | Reached XP level 2. HP: 19/19 MP: 1/5
  1201 | D:1      | Reached XP level 3. HP: 24/24 MP: 3/6
  2299 | D:2      | Reached XP level 4. HP: 30/30 MP: 6/8
  3099 | D:2      | Learned a level 3 spell: Conjure Flame
  3104 | D:2      | Learned a level 4 spell: Sticky Flame
  3199 | D:3      | Reached skill level 4 in Fire Magic
  3417 | D:3      | Found a white marble altar of Elyvilon.
  3982 | D:3      | Reached XP level 5. HP: 35/35 MP: 3/9
  5096 | D:4      | Reached XP level 6. HP: 41/41 MP: 5/11
  5296 | D:4      | Reached skill level 5 in Fire Magic
  5302 | D:4      | Noticed Robin
  5785 | D:3      | HP: 2/61 [orc (5)]
  5790 | D:3      | Succumbed to Robin's poison

Levels and vault maps discovered:
D:1:      arrival_zaba_pyramid, layout_loops_corners
D:2:      layout_basic, minmay_stone_trees_small
D:3:      layout_basic, elyvilon_altar_5
D:4:      layout_rooms, minmay_temple_entry_large_hall, uniq_robin

Skill      XL: |  1  2  3  4  5  6 |
---------------+-------------------+-----
Stealth        | 2 |  2.0
Conjurations   | 2 3 |  3.9
Dodging        | 3 |  3.0
Spellcasting   | 3 4 |  4.1
Fire Magic     | 4 5 |  5.0

Action                   |  1- 3 |  4- 6 || total
-------------------------+-------+-------++-------
Melee: Whip              |     1 |     8 ||     9
Throw: Stone             |    57 |    89 ||   146
 Cast: Flame Tongue      |    73 |    97 ||   170
       Sticky Flame      |       |    14 ||    14
  Use: Scroll            |       |     2 ||     2
       Potion            |       |     3 ||     3
  Eat: Chunk             |     5 |    15 ||    20
Armor: Robe              |     3 |     8 ||    11
Dodge: Dodged            |    14 |    50 ||    64

Table legend:
 A = Non-vault XP
 B = Vault XP
 C = Vault XP percentage of total XP
 D = Non-vault monster count
 E = Vault monster count
 F = Vault count percentage of total count
                 A         B        C        D         E       F
            +---------+---------+-------+---------+---------+-------
      Total |     484 |      17 |   3.4 |      94 |       9 |   8.7
            +---------+---------+-------+---------+---------+-------
        D:1 |      37 |       0 |   0.0 |      21 |       0 |   0.0
        D:2 |      82 |       0 |   0.0 |      32 |       0 |   0.0
        D:3 |     146 |      17 |  10.4 |      32 |       9 |  22.0
        D:4 |     219 |       0 |   0.0 |       9 |       0 |   0.0
            +---------+---------+-------+---------+---------+-------
